 Dungeon Crawl Stone Soup version 0.30-a0-219-gf2db51d15e (webtiles) character file.

Game seed: 15951305334051998116

231 gelatine the Firebug (level 5, -3/36 HPs)
             Began as a Demonspawn Fire Elementalist on Oct 8, 2022.
             Slain by Duvessa
             ... wielding a +0 short sword
              (15 damage)
             ... on level 4 of the Dungeon.
             The game lasted 00:10:20 (3727 turns).

gelatine the Firebug (Demonspawn Fire Elementalist) Turns: 3727, Time: 00:10:20

Health: -3/36      AC:  5    Str:  8    XL:     5   Next: 72%
Magic:  2/9        EV: 11    Int: 18    God:
Gold:   132        SH:  3    Dex: 14    Spells: 6/9 levels left

rFire   . . .      SeeInvis .    m - +1 short sword (spect)
rCold   . . .      Faith    .    q - +0 buckler
rNeg    . . .      Spirit   .    k - +0 ring mail
rPois   .          Reflect  .    (helmet restricted)
rElec   .          Harm     .    (no cloak)
rCorr   .          Rampage  .    (no gloves)
Will    .....                    (no boots)
Stlth   ++........               (no amulet)
HPRegen 0.26/turn                o - ring of flight
MPRegen 0.11/turn                (no ring)

@: flying
A: horns 1, sturdy frame 2
a: no special abilities


You were on level 4 of the Dungeon.
You visited 1 branch of the dungeon, and saw 4 of its levels.

You collected 132 gold pieces.

Inventory:

Hand Weapons
 e - a +0 whip
 j - a +0 dagger
 m - a +1 spectral short sword (weapon)
Missiles
 c - 3 curare-tipped darts
Armour
 a - a +0 robe
 k - a +0 ring mail (worn)
 q - a +0 buckler (worn)
Jewellery
 o - a ring of flight (left hand)
Wands
 u - a wand of acid (3)
Scrolls
 g - a scroll of teleportation
 i - 2 scrolls of amnesia
 n - a scroll of brand weapon
 s - 3 scrolls of identify
 t - a scroll of summoning {unknown}
Potions
 b - a potion of magic
 d - 2 potions of heal wounds
 f - 2 potions of haste {unknown}
 h - a potion of ambrosia {unknown}
 l - 2 potions of curing {unknown}
 p - a potion of attraction {unknown}
 r - a potion of flight {unknown}
 v - a potion of degeneration {unknown}


   Skills:
 * Level 0.5 Fighting
 * Level 0.4 Short Blades
 + Level 0.8 Maces & Flails
 * Level 0.4 Armour
 * Level 2.4 Dodging
 * Level 2.2 Stealth
 * Level 0.2 Shields
 + Level 2.9 Spellcasting
 + Level 2.2 Conjurations
 * Level 4.1 Fire Magic


You had 6 spell levels left.
You knew the following spells:

 Your Spells              Type           Power      Damage    Failure   Level
a - Foxfire               Conj/Fire      56%        2x1d6     8%          1
b - Scorch                Fire           34%        2d7       8%          2

Your spell library contained the following spells:

 Spells                   Type           Power      Damage    Failure   Level
 Inner Flame              Hex/Fire       10%        N/A       34%         3
 Call Imp                 Summ           2%         N/A       38%         2
 Kindle Blastsparks       Fire/Tloc/Air  14%        2d11      43%         3
 Flame Wave               Conj/Fire      14%        2d6       58%         4
 Haunt                    Necr/Summ      1%         N/A       100%        7
 Monstrous Menagerie      Summ           1%         N/A       100%        7


Dungeon Overview and Level Annotations

Branches:
Dungeon (4/15)
 Temple: D:4-7

Altars:

Annotations:
D:4 3 runed translucent doors, Dowan; Duvessa; gzilladon's ghost, amateur OgGl


Innate Abilities, Weirdness & Mutations

You have a pair of small horns on your head.
Your movements are less encumbered by armour. (ER -4)


Message History

Duvessa is lightly wounded.
The foxfire hits Dowan.
Dowan is moderately wounded.
You miscast Foxfire.
You are very lightly contaminated with residual magic.
Nothing appears to happen.
The endoplasm quivers.
The foxfire hits Dowan.
Dowan is moderately wounded.
You conjure some foxfire!
You conjure some foxfire!
The foxfire hits Duvessa but does no damage.
Duvessa is lightly wounded.
The foxfire hits Duvessa but does no damage.
Duvessa is lightly wounded.
You conjure some foxfire!
There is not enough space to conjure foxfire!
Casting: Foxfire (safe; 8% risk of failure)
Confirm with . or Enter, or press ? or * to list all spells.
Flames lash the endoplasm.
You kill the endoplasm!
The foxfire hits Duvessa but does no damage.
Duvessa is lightly wounded.
The foxfire hits Duvessa.
Duvessa is lightly wounded.
The foxfire hits Duvessa.
Duvessa is lightly wounded.
Duvessa drinks a potion.
Duvessa goes berserk!
Dowan gestures wildly while chanting.
Dowan blinks!
Your magical contamination has completely faded away.
You hear an angry hiss.
Duvessa hits you with a +0 short sword! Duvessa attacks as you move away!
Duvessa hits you but does no damage. Duvessa attacks as you move away!
Duvessa barely misses you. Duvessa hits you with a +0 short sword!
Duvessa rages.
There is a stone staircase leading up here.
Duvessa hits you with a +0 short sword!
You die...

#.# #.# ##.# ###.# #.#
##... ...# #.# .... #..#
#.# #..# #..# #.# #..#
#..########.##### #..#
#................ #
#..#######.##########.###
#. #......e@..# #.#
.####.##e########## #.#
......ยง..# ###.#
##.###.#### ##...###
#....# #.......
#.###.##.# #....###
#.....##.# #.#.##
########.#
#########....## #.#
#...........#.##


You could see Duvessa (berserk) and Dowan.

Vanquished Creatures
  A scorpion (D:2)
  A jelly (D:4)
  Ijyb (D:4)
  2 adders
  3 gnolls (D:2)
  3 dart slugs
  2 orcs
  6 bats
  5 endoplasms
  A giant cockroach (D:2)
  A goblin (D:2)
  7 hobgoblins
  10 jackals
  6 quokkas
  3 ball pythons (D:2)
  2 kobolds
  5 rats
59 creatures vanquished.

Vanquished Creatures (others)
  198 foxfires
198 creatures vanquished.

Grand Total: 257 creatures vanquished

Notes
Turn   | Place    | Note
-------+----------+-------------------------------------------
     0 | D:1      | gelatine the Demonspawn Fire Elementalist began the quest
                  | for the Orb.
     0 | D:1      | Reached XP level 1. HP: 13/13 MP: 3/3
   265 | D:1      | Reached skill level 3 in Fire Magic
   327 | D:1      | Gained mutation: Your movements are slightly less
                  | encumbered by armour. (ER -2) [demonic ancestry]
   327 | D:1      | Reached XP level 2. HP: 12/19 MP: 1/5
   788 | D:1      | Learned a level 2 spell: Scorch
  1340 | D:2      | Noticed a scorpion
  1378 | D:2      | Reached XP level 3. HP: 9/24 MP: 0/6
  1454 | D:2      | Killed a scorpion
  1455 | D:2      | Gained mutation: Your movements are less encumbered by
                  | armour. (ER -4) [demonic ancestry]
  1455 | D:2      | Reached XP level 4. HP: 13/30 MP: 1/8
  1786 | D:2      | Found a faded altar of an unknown god.
  1984 | D:2      | Gained mutation: You have a pair of small horns on your
                  | head. [demonic ancestry]
  1984 | D:2      | Reached XP level 5. HP: 35/35 MP: 6/9
  2706 | D:3      | Got the Enchiridion on Command
  2808 | D:3      | Reached skill level 4 in Fire Magic
  3541 | D:4      | Found a runed translucent gate.
  3541 | D:4      | Found a runed translucent gate.
  3541 | D:4      | Found a runed translucent gate.
  3543 | D:4      | Identified the +5 flail of Dividends {antimagic, rElec rN+}
  3590 | D:4      | Noticed an ice beast
  3593 | D:4      | Noticed Ijyb
  3602 | D:4      | Killed Ijyb
  3685 | D:4      | Noticed gzilladon's ghost (amateur OgGl)
  3709 | D:4      | Noticed Duvessa
  3710 | D:4      | Noticed Dowan
  3727 | D:4      | Slain by Duvessa

Illustrated notes

Levels and vault maps discovered:
D:1:      spicycebolla_green_bress_n_ham_2, layout_loops_corners,
          corexii_item_surrounded_by_moat, amcnicky_mini_rare_corridor_liquid
D:2:      layout_rooms, hellmonk_ecumenical_altar_dog_temple,
          kennysheep_big_empty_room, minmay_divided_ellipse
D:3:      layout_basic
D:4:      layout_loops_ring, gammafunk_ghost_icy, saegor_snake_ambush,
          uniq_pikel, uniq_ijyb, uniq_duvessa

Skill      XL: |  1  2  3  4  5 |
---------------+----------------+-----
Fire Magic     | 3 4 |  4.1
Dodging        | 2 |  2.4
Stealth        | 2 |  2.2
Conjurations   | 2 |  2.2
Fighting       | |  0.5
Short Blades   | |  0.4
Maces & Flails | |  0.8
Armour         | |  0.4
Shields        | |  0.2
Spellcasting   | |  2.9

Action                   |  1- 3 |  4- 6 || total
-------------------------+-------+-------++-------
Melee: Whip              |    32 |     1 ||    33
       Unarmed           |     1 |       ||     1
       Dagger            |       |    17 ||    17
       Short sword       |       |    12 ||    12
       Headbutt          |       |     8 ||     8
 Cast: Foxfire           |    40 |    90 ||   130
       Scorch            |     3 |     1 ||     4
  Use: Scroll            |       |     6 ||     6
Armor: Robe              |    12 |       ||    12
       Ring mail         |       |    12 ||    12
Dodge: Dodged            |    36 |    18 ||    54

Table legend: (Time is in decaauts)
 A = Elapsed time spent in this place.
 B = Non-inter-level travel time spent in this place.
 C = Inter-level travel time spent in this place.
 D = Time resting spent in this place.
 E = Time spent auto-exploring this place.
 F = Levels seen in this place.
 G = Mean time per level.
                   A        B        C        D        E       F      G
               +--------+--------+--------+--------+--------+-----+--------+
         Total |   3732 |   3428 |    304 |     73 |   2848 |   4 |  933.0 |
       Dungeon |   3732 |   3428 |    304 |     73 |   2848 |   4 |  933.0 |
               +--------+--------+--------+--------+--------+-----+--------+

Top non-repeatable levels by time:
     D:2: 1357 daAuts
     D:1: 1312 daAuts
     D:3: 740 daAuts
     D:4: 322 daAuts
